 Dungeon Crawl Stone Soup version 0.23-a0-550-g7de1f8e (console) character file.

275078 Duffy the Devastator (level 19, -5/112 HPs)
             Began as a Deep Elf Fire Elementalist on Dec 9, 2018.
             Was the Champion of Vehumet.
             Slain by a ghost moth (7 damage)
             ... while paralysed
             ... on level 4 of the Spider Nest.
             The game lasted 01:37:50 (52650 turns).

Duffy the Devastator (Deep Elf Fire Elementalist)  Turns: 52650, Time: 01:37:51

Health: -5/112     AC:  8    Str: -1 (2)  XL:     19   Next: 92%
Magic:  0/53       EV:  2    Int: 34 (35) God:    Vehumet [******]
Gold:   1952       SH:  0    Dex: 17 (18) Spells: 10/57 levels left

rFire    + + .     SeeInvis .   L - staff of fire
rCold    + . .     Gourm    .   K - +0 buckler of Marbles {rC- Int+6 Dex+3}
rNeg     . . .     Faith    .   F - +2 robe {Archmagi}
rPois    +         Spirit   .   l - +1 helmet of Shadows and Fog {rC+++ MP+9 Str-3}
rElec    .         Reflect  .   k - scarf {repulsion}
rCorr    .         Harm     .   J - +0 pair of gloves
MR       +....                  E - +0 pair of boots {Stlth+}
Stlth    +++.......             a - amulet of magic regeneration
HPRegen  0.07/turn              e - ring of fire
MPRegen  0.58/turn              I - ring of poison resistance

@: paralysed, lethally poisoned (-5 -> -64), slowed, lost strength, repel
missiles
A: no striking features
}: 1/15 runes: barnacled
a: Renounce Religion


You were on level 4 of the Spider Nest.
You worshipped Vehumet.
Vehumet was exalted by your worship.
You were not hungry.

You visited 7 branches of the dungeon, and saw 35 of its levels.
You also visited: Ossuary and Ice Cave.

You collected 4279 gold pieces.
You spent 2327 gold pieces at shops.

Inventory:

Hand Weapons
 f - the +0 spear "Kiquazor" {freeze, rF+ rC+}
   (You found it on level 10 of the Dungeon)

   It has been specially enchanted to freeze those struck by it, causing extra
   injury to most foes and up to half again as much damage against particularly
   susceptible opponents.
   It can also slow down cold-blooded creatures.
   It protects you from fire.
   It protects you from cold.
Armour
 k - a scarf of repulsion (worn)
 l - the +1 helmet of Shadows and Fog (worn) {rC+++ MP+9 Str-3}
   (You found it on level 14 of the Dungeon)

   It affects your strength (-3).
   It renders you almost immune to cold.
   It affects your magic capacity (+9).
 w - the +2 hat of the Bear Spirit {Spirit, +Rage rN+ MR++}
   (You found it on level 14 of the Dungeon)

   It protects you from negative energy.
   It affects your resistance to hostile enchantments.
   It lets you go berserk.
 E - a +0 pair of boots of stealth (worn)
 F - a +2 robe of the Archmagi (worn)
 J - a +0 pair of gloves (worn)
 K - the +0 buckler of Marbles (worn) {rC- Int+6 Dex+3}
   (You took it off a deep elf elementalist on level 3 of the Elven Halls)

   It affects your intelligence (+6).
   It affects your dexterity (+3).
   It makes you vulnerable to cold.
Magical Staves
 L - an uncursed staff of fire (weapon)
 S - an uncursed staff of wizardry
Jewellery
 a - an amulet of magic regeneration (around neck)
 e - a ring of fire (left hand)
 B - an uncursed ring of protection from magic
 G - an uncursed ring of wizardry
 I - a ring of poison resistance (right hand)
 M - a +4 ring of intelligence
Wands
 y - a wand of iceblast (18)
 A - a wand of digging (26)
 N - a wand of acid (5)
Scrolls
 d - 11 scrolls of remove curse
 i - 10 scrolls of blinking
 n - 6 scrolls of magic mapping
 p - 4 scrolls of enchant armour
 q - 11 scrolls of teleportation
 r - 4 scrolls of immolation
 t - 8 scrolls of fear
 z - 2 scrolls of summoning
 D - 8 scrolls of identify
 H - a scroll of acquirement
 Q - 4 scrolls of fog
 R - 4 scrolls of amnesia
Potions
 b - 3 potions of resistance
 g - 5 potions of heal wounds
 h - 25 potions of degeneration
 j - 14 potions of curing
 m - 8 potions of flight
 o - 5 potions of cancellation
 s - 10 potions of haste
 u - 6 potions of brilliance
 v - 6 potions of agility
 x - 7 potions of mutation
 C - 3 potions of invisibility
 P - 4 potions of magic
 Y - 4 potions of ambrosia
Comestibles
 c - 41 rations


   Skills:
 - Level 10.0 Fighting
 - Level 11.0 Dodging
 - Level 2.4 Stealth
 - Level 4.0 Shields
 + Level 19.9 Spellcasting
 - Level 20.0 Conjurations
 - Level 20.0 Fire Magic
 + Level 11.4 Earth Magic
 - Level 6.0 Evocations


You had 10 spell levels left.
You knew the following spells:

 Your Spells              Type           Power        Failure   Level  Hunger
a - Apportation           Tloc           ######       1%          1    None
b - Lehudib's Crystal Sp  Conj/Erth      ########..   2%          8    ####...
h - Bolt of Fire          Conj/Fire      #########.   1%          6    None
i - Ignition              Fire           #########.   1%          8    ####...
j - Iron Shot             Conj/Erth      ########..   1%          6    None
k - Fireball              Conj/Fire      #########.   0%          5    None
l - Fire Storm            Conj/Fire      #########.   7%          9    ######.
B - Blink                 Tloc           N/A          1%          2    None
P - Passwall              Tmut/Erth      #######.     1%          2    None

Your spell library contained the following spells:

 Spells                   Type           Power        Failure   Level  Hunger
 Chain Lightning          Conj/Air       ########..   26%         8    ####...
 Flame Tongue             Conj/Fire      #####        0%          1    None
 Magic Dart               Conj           ####         0%          1    None
 Sting                    Conj/Pois      ####         0%          1    None
 Throw Flame              Conj/Fire      ######       0%          2    None
 Conjure Flame            Conj/Fire      ########     0%          3    None
 Sticky Flame             Conj/Fire      ########     0%          4    None
 Bolt of Magma            Conj/Fire/Erth #########.   0%          5    None
 Animate Skeleton         Necr           N/A          1%          1    None
 Confusing Touch          Hex            ######       1%          1    None
 Corona                   Hex            ######.      1%          1    None
 Freeze                   Ice            ####         1%          1    None
 Summon Small Mammal      Summ           ####         1%          1    None
 Call Imp                 Summ           ######..     1%          2    None
 Corpse Rot               Necr           N/A          1%          2    None
 Poisonous Vapours        Pois/Air       ######       1%          2    None
 Shroud of Golubria       Chrm/Tloc      ######....   1%          2    None
 Slow                     Hex            ######..     1%          2    None
 Throw Frost              Conj/Ice       ######       1%          2    None
 Inner Flame              Hex/Fire       ########     1%          3    None
 Mephitic Cloud           Conj/Pois/Air  #######.     1%          3    None
 Static Discharge         Conj/Air       ########     1%          3    None
 Leda's Liquefaction      Hex/Erth       #######...   1%          4    None
 Throw Icicle             Conj/Ice       ########     1%          4    None
 Lightning Bolt           Conj/Air       ########..   1%          5    None
 Venom Bolt               Conj/Pois      ########..   1%          5    None
 Bolt of Cold             Conj/Ice       ########..   1%          6    None
 Olgreb's Toxic Radiance  Pois           ######..     2%          4    None
 Freezing Cloud           Conj/Ice/Air   #######...   2%          6    None
 Gell's Gravitas          Tloc           ######....   3%          3    None
 Lesser Beckoning         Tloc           ######....   3%          3    None
 Ozocubu's Armour         Chrm/Ice       ######..     3%          3    None
 Portal Projectile        Hex/Tloc       ######       3%          3    None
 Recall                   Summ/Tloc      N/A          3%          3    None
 Teleport Other           Tloc           ######..     3%          3    None
 Cause Fear               Hex            ######....   10%         4    None
 Passage of Golubria      Tloc           N/A          10%         4    None
 Summon Ice Beast         Ice/Summ       ######..     10%         4    None
 Statue Form              Tmut/Erth      #######..    14%         6    None
 Ring of Flames           Chrm/Fire      ########..   14%         7    ##.....
 Aura of Abjuration       Summ           ######....   26%         5    None
 Summon Demon             Summ           ######....   26%         5    None
 Summon Forest            Summ/Tloc      ######....   26%         5    None
 Summon Mana Viper        Hex/Summ       ######..     26%         5    None
 Hydra Form               Tmut           ######....   83%         6    None
 Shadow Creatures         Summ           N/A          83%         6    None
 Simulacrum               Ice/Necr       ######....   83%         6    None
 Shatter                  Erth           ########..   88%         9    ######.
 Tornado                  Air            ######....   100%        9    ######.


Dungeon Overview and Level Annotations

Branches:
Dungeon (15/15)            Temple (1/1) D:6            Lair (6/6) D:11
 Shoals (4/4) Lair:3       Spider (4/4) Lair:4        Slime (0/5) Lair:6
    Orc (2/2) D:9             Elf (3/3) Orc:2        Vaults (0/5) D:13
 Depths (0/5) D:15

Altars:
Ashenzari
Cheibriados
Dithmenos
Elyvilon
Fedhas
Gozag
Hepliaklqana
Kikubaaqudgha
Makhleb
Nemelex Xobeh
Okawaru
Qazlal
Ru
Sif Muna
Trog
Uskayaw
Vehumet
Wu Jian
Xom
Yredelemnul
Zin
The Shining One
Jiyva

Shops:
D:15 *   Orc:2 }=[!   Elf:2 }   Elf:3 (*   Shoals:3 =

Annotations:
Lair:6 1 runed door
Elf:2 5 runed doors, exclusion: 5 doors
Elf:3 exclusion: upstairs


Message History

Something hits you! Something hits you.
You feel dopey. Something stings you.
You are lethally poisoned!
Something poisons you!
You feel you are being watched by something.
Something hits you.
You feel weakened.
You have lost your strength.
Something hits you!
Something stings you but does no damage.
You feel very sick.
You feel you are being watched by something.
Something hits you. Something hits you but does no damage.
Something stings you. Something hits you.
Something hits you but does no damage. Something stings you.
You feel you are being watched by something.
Something hits you but does no damage. Something hits you!
You feel weakened. Something stings you!
You die...

^..^........ ^.#
...~#...... ^.^#
^...#~...^#
...^.
^^..~...~#^....^
#....~.~~....^
#^....#.......
#.....##{....^
#^.{{^.##....~
##..@..^.#^..^.
#~^...^.^# ....
#......^^# ...
#^......## ...
#.......#
#......##
#.#.#^~#
####^...~##
##~#......###


There were no monsters in sight!

Vanquished Creatures
  Nikola (Spider:1)
  Arachne (Spider:3)
  A deep elf blademaster (Elf:3)
  Asterion (Elf:3)
  4 deep elf master archers (Elf:3)
  Frances (Elf:1)
  Gastronok (Lair:1)
  2 krakens
  Ilsuiw (Shoals:2)
  Roxanne (Shoals:2)
  3 ghost moths
  8 deep elf sorcerers (Elf:3)
  Louise (Shoals:3)
  2 frost giants
  4 emperor scorpions
  9 deep elf elementalists (Elf:3)
  A stone giant (Orc:2)
  5 entropy weavers
  7 deep elf demonologists (Elf:3)
  6 dire elephants (Lair:6)
  8 deep elf annihilators
  A spark wasp (Spider:4)
  Snorg (Lair:3)
  3 deep elf death magi (Elf:3)
  8 merfolk javelineers
  7 merfolk impalers
  Josephine (Lair:6)
  A deep elf high priest (Elf:3)
  The ghost of Noggout the Cleaver, a journeyman CeBe of Trog (Orc:1)
  A vault guard (D:13)
  4 hydras
  A centaur warrior (D:14)
  3 merfolk avatars
  The ghost of feelmyfire the Grappler, a novice TrWr of Ru (D:10)
  11 merfolk aquamancers
  An anaconda (Lair:6)
  3 alligator snapping turtles (Shoals:4)
  14 dancing weapons
  An alligator (Lair:6)
  The ghost of Zuunur the Spry, a journeyman SpEn of Dithmenos (Lair:3)
  3 tengu warriors
  2 two-headed ogres (D:15)
  4 orc high priests
  11 deep elf knights
  Nergalle (D:10)
  Urug (Lair:6)
  A skeletal warrior (D:14)
  10 sea snakes
  5 unseen horrors
  A glowing orange brain (D:15)
  3 wizards
  A lindwurm (Lair:6)
  5 orc knights (Orc:2)
  11 deep elf archers
  A necromancer (D:13)
  7 harpies
  4 orc sorcerers
  A harpy (shapeshifter) (D:15)
  18 orb spiders
  29 wolf spiders
  44 deep elf magi
  18 ugly things
  13 fauns
  2 cyclopes
  3 moths of wrath
  25 elephants
  15 manticores
  An ice statue (IceCv)
  A spectral centaur (D:10)
  8 merfolk sirens
  6 water nymphs
  2 black mambas
  A torpor snail (Lair:6)
  A spiny frog (shapeshifter) (D:15)
  A gargoyle (D:14)
  A kobold demonologist (D:15)
  11 demonic crawlers
  16 spiny frogs
  A yaktaur (D:14)
  2 rime drakes
  A freezing wraith (D:15)
  An efreet (D:15)
  7 komodo dragons
  A tengu conjurer (D:13)
  6 meliai
  19 polar bears
  32 merfolk
  41 jumping spiders
  A merfolk (shapeshifter) (D:15)
  2 trolls
  9 hornets
  2 wind drakes
  2 slime creatures (D:15)
  13 blink frogs
  2 snapping turtles
  A wolf spider simulacrum (D:14)
  An air elemental (Elf:2)
  15 hippogriffs
  A spriggan (shapeshifter) (Elf:3)
  25 tarantellas
  84 redbacks
  29 water elementals
  4 wraiths
  2 wyverns
  41 yaks
  3 hungry ghosts
  22 humans
  A steam dragon (Lair:5)
  A basilisk (Lair:6)
  2 fire elementals
  A hog (D:9)
  3 vampire mosquitoes
  3 soldier ants
  An acid dragon (D:14)
  6 water moccasins
  2 hell hounds (Lair:2)
  7 porcupines
  2 hornet zombies
  A swamp drake (D:9)
  Purgy (D:2)
  31 orc warriors
  12 ice beasts
  3 eyes of draining
  2 black bears
  4 sky beasts
  3 phantoms
  31 wolves
  11 centaurs
  A necrophage (D:13)
  15 ogres
  6 crocodiles
  4 big kobolds
  30 bullfrogs
  4 wyvern skeletons
  An earth elemental (Elf:3)
  4 scorpions
  2 water moccasin skeletons
  7 wights
  3 killer bees (D:12)
  2 electric eels
  A howler monkey (D:11)
  4 centaur zombies
  A spectral bullfrog (D:10)
  7 crimson imps
  6 bullfrog zombies
  A quasit (D:10)
  6 hounds
  26 orc wizards
  3 bullfrog skeletons
  2 jellies
  28 orc priests
  A water moccasin simulacrum (D:10)
  5 centaur skeletons
  2 iguanas
  4 human skeletons (D:5)
  9 worker ants
  2 centaur simulacra
  A bullfrog simulacrum (D:10)
  A hound zombie (D:8)
  A hound skeleton (D:8)
  4 mummies (Ossuary)
  2 worker ant zombies
  16 adders
  8 gnolls
  3 shadow imps
  An ooze (D:2)
  An adder zombie (D:6)
  2 adder skeletons
  5 worms
  4 dart slugs
  9 leopard geckos
  96 orcs
  3 bats
  5 giant cockroaches
  10 goblins
  8 hobgoblins
  6 jackals
  28 kobolds
  2 quokkas
  11 frilled lizards
  A giant cockroach zombie (D:6)
  A gnoll zombie (Ossuary)
  2 goblin zombies (Ossuary)
  2 hobgoblin zombies (Ossuary)
  A jackal skeleton (D:6)
  An orc skeleton (D:5)
  2 orc zombies
  2 quokka skeletons
  12 rats
  A bush (Lair:3)
  A fungus (Lair:5)
  21 plants
1379 creatures vanquished.

Vanquished Creatures (others)
  2 wolves (IceCv)
  An orc wizard (Orc:2)
  3 orcs (Orc:2)
  2 fire vortices (Shoals:2)
  14 fungi
  11 plants
  8 tentacles
41 creatures vanquished.

Grand Total: 1420 creatures vanquished

Notes
Turn   | Place    | Note
-------+----------+-------------------------------------------
     0 | D:1      | Duffy the Deep Elf Fire Elementalist began the quest for
                  | the Orb.
     0 | D:1      | Reached XP level 1. HP: 10/10 MP: 6/6
   398 | D:1      | Reached XP level 2. HP: 15/15 MP: 6/8
   997 | D:2      | Learned a level 2 spell: Throw Flame
  1021 | D:2      | Reached XP level 3. HP: 15/19 MP: 5/9
  1027 | D:2      | Learned a level 3 spell: Conjure Flame
  1542 | D:2      | Reached XP level 4. HP: 24/24 MP: 5/11
  1571 | D:2      | Learned a level 4 spell: Sticky Flame
  1842 | D:2      | Reached XP level 5. HP: 28/28 MP: 10/13
  1951 | D:2      | Noticed an ogre
  1967 | D:2      | Killed an ogre
  2545 | D:3      | Noticed Purgy
  2968 | D:2      | Killed Purgy
  2968 | D:2      | Reached skill level 5 in Spellcasting
  2968 | D:2      | Reached XP level 6. HP: 28/32 MP: 6/15
  3033 | D:2      | Learned a level 5 spell: Fireball
  3781 | D:3      | Reached skill level 1 in Fighting
  4047 | D:4      | Reached XP level 7. HP: 39/39 MP: 11/16
  5034 | D:5      | Entered Level 5 of the Dungeon
  5058 | D:5      | Reached skill level 5 in Dodging
  5122 | D:5      | Found a sand-covered staircase.
  5191 | Ossuary  | Entered an ossuary
  5656 | D:5      | Reached XP level 8. HP: 47/47 MP: 10/17
  6087 | D:5      | You fall through a shaft!
  6087 | D:6      | Found a staircase to the Ecumenical Temple.
  6094 | Temple   | Entered the Ecumenical Temple
  6191 | Temple   | Became a worshipper of Vehumet
  6219 | D:6      | Reached skill level 5 in Fighting
  6300 | D:6      | Reached skill level 5 in Conjurations
  6300 | D:6      | Reached skill level 5 in Fire Magic
  7301 | D:5      | Reached * piety under Vehumet
  7301 | D:5      | Offered knowledge of Freeze by Vehumet.
  7947 | D:6      | Reached XP level 9. HP: 54/54 MP: 16/20
  7959 | D:6      | Reached skill level 15 in Spellcasting
  7959 | D:6      | Reached XP level 10. HP: 59/59 MP: 18/31
  9969 | D:8      | Reached ** piety under Vehumet
 10018 | D:8      | Offered knowledge of Sandblast by Vehumet.
 10897 | D:9      | Found a snail-covered altar of Cheibriados.
 11111 | D:9      | Found a burning altar of Makhleb.
 11117 | D:9      | Found a sacrificial altar of Ru.
 11122 | D:9      | Found a deep blue altar of Sif Muna.
 11125 | D:9      | Found a shadowy altar of Dithmenos.
 11295 | D:9      | Found a staircase to the Orcish Mines.
 11347 | D:9      | Offered knowledge of Static Discharge by Vehumet.
 11695 | D:10     | Entered Level 10 of the Dungeon
 11887 | D:10     | Learned a level 2 spell: Blink
 11976 | D:10     | Reached *** piety under Vehumet
 12163 | D:10     | Reached XP level 11. HP: 63/63 MP: 24/32
 12491 | D:10     | Offered knowledge of Dazzling Spray by Vehumet.
 12747 | D:10     | Noticed Nergalle
 12754 | D:10     | Killed Nergalle
 12880 | D:10     | You fall through a shaft for 2 floors!
 12886 | D:12     | Noticed an unseen horror
 12888 | D:12     | Killed an unseen horror
 13011 | D:12     | Reached **** piety under Vehumet
 13214 | D:12     | Offered knowledge of Bolt of Draining by Vehumet.
 13301 | D:12     | Reached skill level 10 in Conjurations
 13301 | D:12     | Reached skill level 10 in Fire Magic
 13737 | D:12     | Noticed a brown ugly thing
 13741 | D:12     | Killed a brown ugly thing
 14411 | D:13     | Reached ***** piety under Vehumet
 14604 | D:13     | Noticed an unseen horror
 14608 | D:13     | Killed an unseen horror
 14871 | D:13     | Noticed a tengu warrior
 14875 | D:13     | Killed a tengu warrior
 14991 | D:13     | Offered knowledge of Spellforged Servitor by Vehumet.
 15039 | D:13     | Reached XP level 12. HP: 70/70 MP: 22/33
 15411 | D:13     | Noticed a vault guard
 15420 | D:13     | Killed a vault guard
 15420 | D:13     | Reached skill level 10 in Dodging
 15527 | D:13     | Found a gate to the Vaults.
 15658 | D:13     | Found an ornate altar of the Wu Jian Council.
 16632 | D:11     | Found a staircase to the Lair.
 17766 | D:10     | Offered knowledge of Force Lance by Vehumet.
 17913 | D:10     | Found a runed gate.
 17913 | D:10     | Found a runed gate.
 17913 | D:10     | Found a runed gate.
 17913 | D:10     | Noticed feelmyfire's ghost (novice TrWr)
 17941 | D:10     | Killed feelmyfire's ghost
 18116 | D:10     | Got an ancient spear
 18117 | D:10     | Identified the cursed +0 spear "Kiquazor" {freeze, rF+ rC+}
                  | (You found it on level 10 of the Dungeon)
 18220 | Lair:1   | Entered Level 1 of the Lair of Beasts
 18220 | Lair:1   | Noticed Gastronok
 18227 | Lair:1   | Killed Gastronok
 18227 | Lair:1   | Reached XP level 13. HP: 81/81 MP: 4/34
 18442 | Lair:1   | Reached skill level 10 in Fighting
 18452 | Lair:1   | Reached skill level 1 in Evocations
 19568 | Lair:2   | Reached skill level 5 in Evocations
 20158 | Lair:2   | Found a dark tunnel.
 21689 | Lair:3   | Found a large runed door.
 21689 | Lair:3   | Found a large runed door.
 21694 | Lair:3   | Noticed Zuunur's ghost (journeyman SpEn)
 21699 | Lair:3   | Found a staircase to the Shoals.
 21703 | Lair:3   | Killed Zuunur's ghost
 22416 | Lair:3   | Noticed Snorg
 22420 | Lair:3   | Killed Snorg
 23063 | Lair:4   | Found a hole to the Spider Nest.
 23912 | Lair:5   | Reached XP level 14. HP: 87/87 MP: 26/36
 24716 | Lair:6   | Entered Level 6 of the Lair of Beasts
 24742 | Lair:6   | Noticed Urug
 24745 | Lair:6   | Killed Urug
 24958 | Lair:6   | Offered knowledge of Irradiate by Vehumet.
 24964 | Lair:6   | Noticed Nessos
 24968 | Lair:6   | Noticed Nessos
 24968 | Lair:6   | Nessos changed into Nessos the alligator
 25235 | Lair:6   | Killed Nessos the alligator
 25827 | Lair:6   | Noticed Josephine
 25830 | Lair:6   | Killed Josephine
 26365 | Lair:6   | Found a runed door.
 26365 | Lair:6   | Found a viscous altar of Jiyva.
 26365 | Lair:6   | Found a staircase to the Slime Pits.
 26365 | Lair:6   | Noticed an acid blob
 27783 | Lair:6   | Identified Haeblotit's Almanac of Mutagenic Necromancy
 28089 | Orc:1    | Entered Level 1 of the Orcish Mines
 28335 | Orc:2    | Entered Level 2 of the Orcish Mines
 28471 | Orc:2    | Noticed a stone giant
 28474 | Orc:2    | Killed a stone giant
 29257 | Orc:1    | Offered knowledge of Bolt of Magma by Vehumet.
 29511 | Orc:1    | Found a large runed door.
 29511 | Orc:1    | Found a large runed door.
 29511 | Orc:1    | Noticed Noggout's ghost (journeyman CeBe)
 29531 | Orc:1    | Killed Noggout's ghost
 29984 | Orc:2    | Found a staircase to the Elven Halls.
 30532 | Orc:2    | Reached XP level 15. HP: 91/91 MP: 20/37
 30810 | Orc:2    | Found Ecetat Jeci's Jewellery Boutique.
 30810 | Orc:2    | Found Wikischop's Gadget Shoppe.
 30812 | Orc:2    | Found Lianuics's Distillery.
 30812 | Orc:2    | Found Weasuam's Armour Shoppe.
 31004 | Orc:2    | Bought a potion of magic for 112 gold pieces
 31004 | Orc:2    | Bought a potion of ambrosia for 112 gold pieces
 31004 | Orc:2    | Bought a potion of resistance for 140 gold pieces
 31004 | Orc:2    | Bought a potion of cancellation for 112 gold pieces
 31004 | Orc:2    | Bought a potion of flight for 42 gold pieces
 31004 | Orc:2    | Bought a potion of brilliance for 56 gold pieces
 31004 | Orc:2    | Bought a potion of lignification for 42 gold pieces
 31215 | D:14     | Found a frozen archway.
 31231 | IceCv    | Entered an ice cave
 32205 | IceCv    | Reached ****** piety under Vehumet
 32205 | IceCv    | Offered knowledge of Bolt of Fire by Vehumet.
 32356 | IceCv    | Learned a level 6 spell: Bolt of Fire
 32908 | IceCv    | Noticed a frost giant
 32911 | IceCv    | Killed a frost giant
 33055 | IceCv    | Identified Sotos's Catalogue of Transmutation and the
                  | Frostbite
 33179 | D:14     | Found a runed door.
 33221 | D:14     | Found the +2 hat of the Bear Spirit {Spirit, +Rage rN+
                  | MR++}
 33603 | D:14     | Found a runed door.
 33993 | D:14     | Got an encrusted helmet
 34005 | D:14     | Identified the +1 helmet of Shadows and Fog {rC+++ MP+9
                  | Str-3} (You found it on level 14 of the Dungeon)
 34849 | D:15     | Entered Level 15 of the Dungeon
 35132 | D:15     | Offered knowledge of Ozocubu's Refrigeration by Vehumet.
 35362 | D:15     | Found a staircase to the Depths.
 35515 | D:15     | Reached skill level 15 in Conjurations
 35517 | D:15     | Reached skill level 15 in Fire Magic
 35880 | D:15     | Found Wyber's General Store.
 36045 | D:15     | Bought a potion of curing for 42 gold pieces
 36228 | D:15     | Learned a level 8 spell: Ignition
 36471 | D:15     | Bought a scroll of acquirement for 728 gold pieces
 36471 | D:15     | Bought a potion of curing for 42 gold pieces
 36471 | D:15     | Bought a potion of haste for 140 gold pieces
 36471 | D:15     | Bought a scroll of blinking for 105 gold pieces
 36599 | Elf:1    | Entered Level 1 of the Elven Halls
 36606 | Orc:2    | Reached XP level 16. HP: 94/96 MP: 22/39
 37126 | Elf:1    | Noticed Frances
 37131 | Elf:1    | Killed Frances
 38116 | Shoals:1 | Entered Level 1 of the Shoals
 38303 | Shoals:1 | Offered knowledge of Iron Shot by Vehumet.
 38313 | Lair:3   | Learned a level 6 spell: Iron Shot
 38565 | Elf:1    | Reached skill level 1 in Earth Magic
 38882 | Elf:2    | Found Nyffejipn's Gadget Emporium.
 39048 | Elf:2    | Found a deep blue altar of Sif Muna.
 39684 | Elf:2    | Reached skill level 5 in Earth Magic
 39949 | Elf:2    | Found a huge runed gate.
 39949 | Elf:2    | Found a huge runed gate.
 39949 | Elf:2    | Found a huge runed gate.
 39949 | Elf:2    | Found a huge runed gate.
 39949 | Elf:2    | Found a huge runed gate.
 40051 | Elf:3    | Entered Level 3 of the Elven Halls
 40401 | Elf:3    | Noticed Asterion
 40508 | Elf:3    | Killed Asterion
 40682 | Elf:3    | Found Wiklem's Antique Weapon Shop.
 41147 | Elf:3    | Found Pullog's General Store.
 41154 | Elf:3    | Bought a scroll of amnesia for 49 gold pieces
 41889 | Elf:3    | Reached XP level 17. HP: 102/102 MP: 30/40
 41908 | Elf:3    | Noticed a deep elf blademaster
 41911 | Elf:3    | Killed a deep elf blademaster
 42020 | Elf:3    | Noticed a deep elf master archer
 42024 | Elf:3    | Killed a deep elf master archer
 42180 | Elf:3    | Noticed a deep elf master archer
 42225 | Elf:3    | Killed a deep elf master archer
 42655 | Elf:3    | Noticed a deep elf master archer
 42657 | Elf:3    | Killed a deep elf master archer
 42773 | Elf:3    | Noticed a deep elf master archer
 42781 | Elf:3    | Killed a deep elf master archer
 42918 | Elf:3    | Identified the +0 buckler of Marbles {rC- Int+6 Dex+3}
 43060 | Elf:3    | Offered knowledge of Lehudib's Crystal Spear by Vehumet.
 43060 | Elf:3    | Offered knowledge of Fire Storm by Vehumet.
 43060 | Elf:3    | Offered knowledge of Chain Lightning by Vehumet.
 43092 | Elf:3    | Learned a level 9 spell: Fire Storm
 43103 | Elf:3    | Learned a level 8 spell: Lehudib's Crystal Spear
 43129 | Elf:3    | Identified the +1 hand axe of Sequestration {chop, *Drain
                  | rPois rF+ Str+7}
 43940 | Orc:2    | Bought an uncursed amulet of magic regeneration for 330
                  | gold pieces
 43940 | Orc:2    | Bought an uncursed ring of protection from magic for 275
                  | gold pieces
 44221 | Shoals:1 | Reached skill level 1 in Shields
 44942 | Shoals:2 | Reached XP level 18. HP: 107/107 MP: 41/41
 44970 | Shoals:2 | Noticed Roxanne
 45335 | Shoals:2 | Noticed Ilsuiw
 45338 | Shoals:2 | Killed Ilsuiw
 46294 | Shoals:3 | Noticed Louise
 46300 | Shoals:3 | Killed Louise
 46312 | Shoals:3 | Found Buedinai's Jewellery Shop.
 46606 | Shoals:4 | Entered Level 4 of the Shoals
 47223 | Shoals:4 | Got a barnacled rune of Zot
 48227 | Shoals:2 | Killed Roxanne
 48656 | Spider:1 | Entered Level 1 of the Spider Nest
 48755 | Spider:1 | Reached XP level 19. HP: 73/112 MP: 32/44
 48895 | Spider:1 | Noticed Nikola
 48900 | Spider:1 | Killed Nikola
 50289 | Spider:3 | Reached skill level 10 in Earth Magic
 50979 | Spider:3 | Learned a level 2 spell: Passwall
 51244 | Spider:3 | Noticed Arachne
 51247 | Spider:3 | Killed Arachne
 51458 | Spider:4 | Entered Level 4 of the Spider Nest
 51920 | Spider:4 | Learned a level 1 spell: Apportation
 52649 | Spider:4 | Lost strength.
 52650 | Spider:4 | HP: 2/112 [something (13)]
 52650 | Spider:4 | Slain by a ghost moth

Vault maps used:
D:1:      lightli_arrival_flooded_house, minmay_lizard_pond
D:3:      first_ration, uniq_purgy
D:4:      serial_bayou_pond_a
D:5:      nicolae_ossuary_entry_catacombs
D:6:      minmay_temple_entry_arrows
D:9:      grunt_temple_overflow_cloverleaf, erik_orc_1, basic_altar,
          grunt_livestock
D:10:     gammafunk_ghost_necromancy, uniq_nergalle
D:11:     lair_entry_dummy
D:13:     grunt_vaults_entry_tiered, basic_altar
D:14:     cheibrodos_histonic, hex_tiny, portal_ice_cave_entry_ice_beasts
D:15:     gammafunk_enter_depths_forms, minmay_misc_feat_diagonals,
          serial_shops, shop
Temple:   compressed_dpeg_circular_temple
Lair:1:   grunt_megastairs_1, uniq_gastronok
Lair:2:   enter_volcano_3, infiniplex_staircase_pool
Lair:3:   cheibrodos_lair_river_kwai, shoals_dummy_entry,
          ebering_ghost_disaster_area, serial_forest, infiniplex_forest_lined_3,
          infiniplex_forest_clump_tiny, infiniplex_forest_fountain,
          infiniplex_forest_lined_1, infiniplex_forest_lined_2,
          infiniplex_forest_lined_3, infiniplex_forest_clump_small,
          grunt_megastairs_5, uniq_snorg
Lair:4:   nicolae_spider_entry_orb_guardian, serial_forest,
          infiniplex_forest_zigzag_1, infiniplex_forest_straight_5,
          infiniplex_forest_lined_room_2, infiniplex_forest_zigzag_1,
          infiniplex_forest_straight_2, infiniplex_forest_end_2,
          infiniplex_forest_zigzag_1, infiniplex_forest_end_3,
          infiniplex_staircase_pool_2
Lair:6:   due_jungle_book, slime_altar_2, cheibrodos_lair_lostbears,
          uniq_nessos, uniq_urug, uniq_josephine
Shoals:2: uniq_roxanne, uniq_ilsuiw
Shoals:3: nicolae_shoals_c_island, uniq_louise
Shoals:4: shoals_end_grunt_ice, shoal_ilsuiw, nicolae_shoals_seven_spires
Spider:1: spider_trap, nicolae_spider_circle_web, uniq_nikola
Spider:2: spider_trap
Spider:3: nicolae_spider_mines_3, uniq_arachne
Spider:4: grunt_spider_rune_parallel
Orc:1:    ebering_ghost_disaster_area
Orc:2:    grunt_orc_tribal_feast
Elf:1:    elf_arrival_002, evilmike_minifort, uniq_frances
Elf:2:    basic_altar, serial_shops, shop, minmay_strange_pillars,
          grunt_megastairs_3
Elf:3:    minmay_elf_hall_hex, serial_shops, shop, shop, uniq_asterion
Ossuary:  ossuary_crypta
IceCv:    ice_cave_caverns_02

Skill      XL: |  1  2  3  4  5  6  7  8  9 10 11 12 13 14 15 16 17 18 19 |
---------------+----------------------------------------------------------+-----
Conjurations   | 2 3 4 6 8 10 11 13 15 17 18 19 20 | 20.0
Spellcasting   | 4 5 6 15 16 17 19 | 19.9
Fire Magic     | 4 6 8 10 11 13 15 17 18 19 20 | 20.0
Dodging        | 3 6 8 11 | 11.0
Fighting       | 1 3 5 6 9 10 | 10.0
Evocations     | 6 |  6.0
Earth Magic    | 5 6 9 11 | 11.4
Shields        | 3 4 |  4.0
Stealth        | |  2.4

Action                   |  1- 3 |  4- 6 |  7- 9 | 10-12 | 13-15 | 16-18 | 19-21 || total
-------------------------+-------+-------+-------+-------+-------+-------+-------++-------
Melee: Flail             |       |       |    22 |    43 |       |       |       ||    65
       Unarmed           |       |       |     1 |       |       |       |       ||     1
       Spear             |       |       |       |       |     4 |       |       ||     4
       Staff             |       |       |       |       |       |       |     4 ||     4
 Cast: Flame Tongue      |    51 |   129 |   174 |   385 |    75 |       |       ||   814
       Conjure Flame     |     1 |     4 |    18 |    20 |       |       |       ||    43
       Sticky Flame      |       |     3 |     9 |    70 |    41 |       |       ||   123
       Fireball          |       |       |       |   108 |   367 |   138 |     5 ||   618
       Blink             |       |       |       |     3 |    17 |     7 |       ||    27
       Bolt of Fire      |       |       |       |       |   103 |   260 |   146 ||   509
       Iron Shot         |       |       |       |       |       |    30 |       ||    30
       Ignition          |       |       |       |       |       |     6 |    33 ||    39
       Fire Storm        |       |       |       |       |       |     4 |     3 ||     7
       Lehudib's Crystal |       |       |       |       |       |       |     1 ||     1
Evoke: Wand              |       |       |       |       |    12 |    17 |     5 ||    34
  Use: Scroll            |       |       |     6 |    13 |    10 |    11 |     6 ||    46
       Potion            |       |       |     1 |       |       |     1 |       ||     2
  Eat: Chunk             |     2 |     8 |    10 |    29 |    27 |    23 |     3 ||   102
       Ration            |       |       |     1 |     2 |     8 |     5 |     5 ||    21
Armor: Robe              |     1 |    30 |    20 |    25 |    19 |     5 |    30 ||   130
       Animal skin       |       |       |       |     9 |       |       |       ||     9
Dodge: Dodged            |     7 |    50 |    82 |   206 |   153 |    60 |    41 ||   599
       Deflected         |       |       |       |       |     1 |    24 |       ||    25
Block: Other             |       |       |       |    12 |     5 |       |       ||    17
       Reflection        |       |       |       |     1 |       |       |       ||     1
       Buckler           |       |       |       |       |       |    11 |     9 ||    20

Table legend:
 A = Non-vault XP
 B = Vault XP
 C = Vault XP percentage of total XP
 D = Non-vault monster count
 E = Vault monster count
 F = Vault count percentage of total count
                 A         B        C        D         E       F
            +---------+---------+-------+---------+---------+-------
      Total |  263305 |  201627 |  43.4 |     960 |     396 |  29.2
            +---------+---------+-------+---------+---------+-------
        D:1 |      27 |       6 |  18.2 |      14 |       6 |  30.0
        D:2 |     310 |     130 |  29.5 |      34 |       1 |   2.9
        D:3 |     119 |       0 |   0.0 |      32 |       0 |   0.0
        D:4 |     447 |       0 |   0.0 |      14 |       0 |   0.0
        D:5 |     545 |     144 |  20.9 |      18 |       6 |  25.0
        D:6 |     936 |       0 |   0.0 |      38 |       0 |   0.0
        D:7 |     750 |       0 |   0.0 |      11 |       0 |   0.0
        D:8 |    1022 |       0 |   0.0 |      27 |       0 |   0.0
        D:9 |     984 |    1590 |  61.8 |      11 |      22 |  66.7
       D:10 |    2753 |    2394 |  46.5 |      48 |       7 |  12.7
       D:11 |    4286 |       0 |   0.0 |      34 |       0 |   0.0
       D:12 |    5747 |       0 |   0.0 |      39 |       0 |   0.0
       D:13 |    4867 |    7125 |  59.4 |      29 |      25 |  46.3
       D:14 |    2457 |    8470 |  77.5 |      17 |      29 |  63.0
       D:15 |   15368 |    4420 |  22.3 |      42 |       9 |  17.6
     Temple |     149 |       0 |   0.0 |       4 |       0 |   0.0
     Lair:1 |    2924 |    2617 |  47.2 |      15 |       3 |  16.7
     Lair:2 |    4973 |    1626 |  24.6 |      13 |       7 |  35.0
     Lair:3 |    3826 |    6644 |  63.5 |      16 |      16 |  50.0
     Lair:4 |    1485 |     575 |  27.9 |      11 |       1 |   8.3
     Lair:5 |    8922 |       0 |   0.0 |      22 |       0 |   0.0
     Lair:6 |   16568 |    7550 |  31.3 |      30 |      15 |  33.3
   Shoals:1 |   10115 |       0 |   0.0 |      20 |       0 |   0.0
   Shoals:2 |   14523 |    5675 |  28.1 |      30 |       5 |  14.3
   Shoals:3 |   17924 |    1715 |   8.7 |      38 |       1 |   2.6
   Shoals:4 |   12635 |   28767 |  69.5 |      27 |      38 |  58.5
   Spider:1 |   15572 |    4556 |  22.6 |      37 |       1 |   2.6
   Spider:2 |    8053 |       0 |   0.0 |      26 |       0 |   0.0
   Spider:3 |   26844 |    8919 |  24.9 |      59 |      15 |  20.3
   Spider:4 |   18741 |   16907 |  47.4 |      51 |      49 |  49.0
      Orc:1 |    1894 |    1020 |  35.0 |      19 |       1 |   5.0
      Orc:2 |    6520 |    7207 |  52.5 |      51 |      28 |  35.4
      Elf:1 |   16111 |    5232 |  24.5 |      28 |       6 |  17.6
      Elf:2 |    7371 |    2362 |  24.3 |      14 |       3 |  17.6
      Elf:3 |   27537 |   64165 |  70.0 |      41 |      40 |  49.4
    Ossuary |       0 |     173 | 100.0 |       0 |      12 | 100.0
      IceCv |       0 |   11638 | 100.0 |       0 |      50 | 100.0
            +---------+---------+-------+---------+---------+-------
